 Dungeon Crawl Stone Soup version 0.18-a0-1347-gb9e2fb4 (webtiles) character file.

12850 Slowtrain the Martial Artist (level 11, -16/70 HPs)
             Began as an Octopode Transmuter on Feb 16, 2016.
             Was a High Priest of Okawaru.
             Demolished by a salamander stormcaller
             ... wielding a +0 spear
              (17 damage)
             ... on level 9 of the Dungeon on Feb 17, 2016.
             The game lasted 01:34:48 (15624 turns).

Slowtrain the Martial Artist (Octopode Transmuter) Turns: 15624, Time: 01:34:48

Health: -16/70     AC:  3    Str: 13    XL:     11   Next: 99%
Magic:  0/14       EV: 25    Int: 17    God:    Okawaru [*****.]
Gold:   331        SH:  0    Dex: 15    Spells: 4 memorised, 4 levels left

rFire  . . .     SeeInvis .       - Unarmed
rCold  . . .     Gourm    .     (no shield)
rNeg   + . .     Faith    .     q - +2 hat of the Bear Spirit {Spirit, +Rage rN+ MR++}
rPois  .         Spirit   +     (no amulet)
rElec  .         Dismiss  .     A - +2 ring of strength
rCorr  .         Reflect  .     z - +2 ring of strength
SustAt .         Harm     .     K - +5 ring of evasion
MR     ++...                    (no ring)
Stlth  ++++++....               (no ring)
                                (no ring)
                                (no ring)
                                (no ring)

@: appendage (expiring), heroism, very resistant to hostile enchantments, very
stealthy
A: almost no armour, amphibious, 8 rings, constrict 8, tentacle spike 3,
camouflage 1, gelatinous body 1
a: End Transformation, Heroism, Finesse, Renounce Religion, Evoke Berserk Rage


You were on level 9 of the Dungeon.
You worshipped Okawaru.
Okawaru was extremely pleased with you.
You were not hungry.
One of your tentacles had a temporary spike.
You visited 2 branches of the dungeon, and saw 11 of its levels.

You collected 331 gold pieces.

Inventory:

Hand Weapons
 u - a +0 hunting sling
 N - a +0 shortbow
 V - a +3 shortbow
Missiles
 a - 166 arrows
 d - 312 stones (quivered)
 i - 17 bolts of flame
 l - 26 poisoned needles
 E - 16 tomahawks
 F - 71 sling bullets
Armour
 q - the +2 hat of the Bear Spirit (worn) {Spirit, +Rage rN+ MR++}
   (You acquired it on level 10 of the Dungeon)

   It protects you from negative energy.
   It affects your resistance to hostile enchantments.
   It lets you go berserk.
 H - a +1 buckler
Jewellery
 z - a +2 ring of strength (right tentacle)
 A - a +2 ring of strength (left tentacle)
 K - a +5 ring of evasion (on tentacle)
Wands
 p - a wand of paralysis (0/24)
 x - a wand of enslavement (13/24)
 D - a wand of paralysis (15/24)
 G - a wand of slowing (21/48)
 L - a wand of iceblast (7/15)
 M - a wand of paralysis (8/24)
 T - a wand of teleportation (6/9)
 W - a wand of iceblast (10/15)
Scrolls
 h - 3 scrolls of teleportation
 j - 2 scrolls of enchant weapon
 m - 2 scrolls of recharging
 r - 2 scrolls of amnesia
 t - 4 scrolls of remove curse
 y - 3 scrolls of blinking
 B - a scroll of fear
 I - a scroll of silence
 J - 2 scrolls of magic mapping
 O - a scroll of immolation {unknown}
 P - 2 scrolls of enchant armour
 S - a scroll of fog {unknown}
Potions
 c - 2 potions of flight
 e - a potion of haste
 n - a potion of cancellation
 o - a potion of cure mutation {unknown}
 s - 2 potions of agility
 v - 3 potions of resistance
 C - a potion of heal wounds
 Q - 2 potions of curing
Books
 b - a book of Changes

   Spells                             Type                      Level
   a - Beastly Appendage              Transmutation                1
   b - Sticks to Snakes               Transmutation                2
   c - Spider Form                    Transmutation/Poison         3
   d - Ice Form                       Ice/Transmutation            4
   e - Blade Hands                    Transmutation                5
 w - a book of Changes

   Spells                             Type                      Level
   a - Beastly Appendage              Transmutation                1
   b - Sticks to Snakes               Transmutation                2
   c - Spider Form                    Transmutation/Poison         3
   d - Ice Form                       Ice/Transmutation            4
   e - Blade Hands                    Transmutation                5
 U - a book of Summonings

   Spells                             Type                      Level
   a - Recall                         Summoning/Translocation      3
   b - Aura of Abjuration             Summoning                    5
   c - Summon Demon                   Summoning                    5
   d - Summon Forest                  Summoning/Translocation      5
   e - Summon Mana Viper              Hexes/Summoning              5
   f - Shadow Creatures               Summoning                    6
Comestibles
 f - 6 meat rations
 g - a chunk of flesh
 k - 16 fruits
 X - 4 royal jellies


   Skills:
 + Level 4.9(9.9) Fighting
 + Level 0.0(5.0) Throwing
 - Level 7.7(12.7) Dodging
 - Level 5.5(10.5) Stealth
 - Level 12.0(17.0) Unarmed Combat
 - Level 2.0 Spellcasting
 - Level 9.0 Transmutations
 - Level 4.0 Ice Magic
 - Level 3.0 Poison Magic
 - Level 5.0 Invocations


You had 4 spell levels left.
You knew the following spells:

 Your Spells              Type           Power        Failure   Level  Hunger
a - Beastly Appendage     Trmt           ####..       1%          1    #......
b - Sticks to Snakes      Trmt           ####....     1%          2    ###....
c - Spider Form           Trmt/Pois      ###.......   6%          3    ###....
d - Ice Form              Ice/Trmt       ###.....     14%         4    #####..


Dungeon Overview and Level Annotations

Branches:
Dungeon (10/15)            Temple (1/1) D:7            Lair (0/8) D:10
    Orc (0/2) D:10

Altars:
Ashenzari
Cheibriados
Dithmenos
Elyvilon
Fedhas
Gozag
Kikubaaqudgha
Makhleb
Nemelex Xobeh
Okawaru
Pakellas
Qazlal
Ru
Sif Muna
Trog
Vehumet
Xom
Yredelemnul
Zin
The Shining One

Shops:
D:6 %

Annotations:
D:4 exclusions: orc priest and orc wizard
D:8 Joseph


Innate Abilities, Weirdness & Mutations

You cannot wear most types of armour.
You are amphibious.
You can wear up to eight rings at the same time.
You can use your tentacles to constrict eight enemies at once.
Your skin changes colour to match your surroundings (Stealth).
Your rubbery body absorbs attacks (AC +1).
One of your tentacles bears a large vicious spike.


Message History

You squeeze the great orb of eyes!
The great orb of eyes is severely wounded.
The salamander stormcaller hits you from afar with a spear.
You are engulfed in flames!!
* * * LOW HITPOINT WARNING * * *
The great orb of eyes bites you.
* * * LOW HITPOINT WARNING * * *
Unknown command.
Read which item? (? for menu, Esc to quit)
Blink to where?
Press: ? - help, Dir - move target cursor You can't see that place. [Stash: a stone] [an open door.] Sorry, you can't target what you can't see.
Okay, then.
The salamander stormcaller hits you from afar with a spear!
* * * LOW HITPOINT WARNING * * *
You are engulfed in flames!
You die...

# #....#..#...#.#.## #
.......#...P#..###.#.#... #
.......#....#..#.....#.## #
......G#...P#.)#...#.#.#. #
.......#....#.)#.......#. #
.....(.#...P#..[[....#.#. #
.......#....#......#.#.#. #
N.....y#....#...#..#..... #
.D....NG@...#...#..###.#.
#####################..##........
.......†..†......# #............
################.#############.##
# #.................
################.#############.##
...............................#
################################


You could see a salamander stormcaller, a six-headed hydra (wandering), a great
orb of eyes and a killer bee.

Vanquished Creatures
  A flayed ghost (D:9)
  A griffon (D:9)
  3 trolls
  A queen bee (D:9)
  A two-headed ogre (D:10)
  2 wyverns (D:10)
  26 yaks
  2 hippogriffs
  5 basilisks
  Menkaure (D:4)
  3 hungry ghosts (D:9)
  3 orc warriors
  4 porcupines (D:10)
  Purgy (D:3)
  An eye of draining (D:10)
  3 phantoms
  17 killer bees
  9 ogres
  5 centaurs
  A crocodile (D:10)
  8 giant frogs
  A wyvern zombie (D:10)
  4 scorpions
  4 wights (D:9)
  2 crimson imps (D:9)
  3 giant frog zombies
  2 jellies
  A quasit (D:8)
  A centaur skeleton (D:5)
  A giant frog skeleton (D:10)
  9 hounds
  2 orc priests
  6 orc wizards
  4 iguanas
  5 worker ants
  A hound zombie (D:7)
  2 hound skeletons
  A worker ant zombie (D:5)
  7 adders
  4 gnolls (D:6)
  A river rat (D:10)
  A shadow imp (D:5)
  An ooze (D:4)
  2 worms
  3 giant geckos
  35 orcs
  2 ball pythons
  6 bats
  6 giant cockroaches
  4 goblins
  8 hobgoblins
  6 quokkas
  A giant gecko skeleton (D:5)
  11 giant newts
  A jackal skeleton (D:4)
  6 kobolds
  10 rats
262 creatures vanquished.

Vanquished Creatures (collateral kills)
  An ogre (D:9)
  2 wights (D:9)
  A worker ant (D:4)
  An adder (D:2)
  An orc (D:3)
  A bat (D:2)
7 creatures vanquished.

Vanquished Creatures (others)
  2 killer bees
  A jelly (D:5)
  An adder (D:7)
  An orc (D:7)
  7 bushes
  5 plants (D:10)
17 creatures vanquished.

Grand Total: 286 creatures vanquished

Notes
Turn   | Place    | Note
--------------------------------------------------------------
     0 | D:1      | Slowtrain the Octopode Transmuter began the quest for the Orb.
     0 | D:1      | Reached XP level 1. HP: 13/13 MP: 3/3
   328 | D:1      | Reached XP level 2. HP: 18/18 MP: 5/5
   332 | D:1      | Learned a level 2 spell: Sticks to Snakes
   917 | D:1      | Reached XP level 3. HP: 19/23 MP: 6/6
  1371 | D:1      | Learned a level 3 spell: Spider Form
  1895 | D:2      | Reached skill level 4 in Unarmed Combat
  1991 | D:2      | Found a sacrificial altar of Ru.
  2231 | D:3      | Reached XP level 4. HP: 26/28 MP: 7/7
  2290 | D:3      | Found a shadowy altar of Dithmenos.
  2425 | D:3      | Noticed a phantom
  2443 | D:3      | Reached skill level 1 in Poison Magic
  2448 | D:3      | Noticed Purgy
  2594 | D:3      | Killed Purgy
  2594 | D:3      | Reached XP level 5. HP: 14/33 MP: 4/8
  3420 | D:4      | Noticed Menkaure
  3420 | D:4      | Noticed an ogre
  3661 | D:4      | Killed an ogre
  3661 | D:4      | Reached skill level 5 in Unarmed Combat
  3661 | D:4      | Reached XP level 6. HP: 27/38 MP: 4/9
  3723 | D:4      | Killed Menkaure
  3870 | D:4      | Found a bloodstained altar of Trog.
  3913 | D:4      | Reached skill level 6 in Unarmed Combat
  4148 | D:4      | Reached XP level 7. HP: 27/43 MP: 7/10
  5267 | D:5      | Entered Level 5 of the Dungeon
  5274 | D:5      | Reached skill level 7 in Unarmed Combat
  5485 | D:5      | Found an opulent altar of Gozag.
  5938 | D:5      | Found a glowing golden altar of the Shining One.
  5940 | D:5      | Noticed an angel
  5955 | D:5      | Found a basalt altar of Yredelemnul.
  6036 | D:5      | Reached skill level 8 in Unarmed Combat
  6036 | D:5      | Reached XP level 8. HP: 31/48 MP: 8/11
  6284 | D:5      | Found an oddly glowing altar of Pakellas.
  6627 | D:5      | Reached skill level 9 in Unarmed Combat
  6927 | D:6      | Found a white marble altar of Elyvilon.
  6930 | D:6      | Found Noppit's Food Emporium.
  7520 | D:6      | Reached skill level 10 in Unarmed Combat
  8310 | D:7      | Found a staircase to the Ecumenical Temple.
  8319 | Temple   | Entered the Ecumenical Temple
  8351 | Temple   | Became a worshipper of Warmaster Okawaru
  8445 | D:7      | Reached XP level 9. HP: 28/53 MP: 8/12
  9101 | D:7      | Found a snail-covered altar of Cheibriados.
  9411 | D:8      | Noticed Joseph
  9535 | D:8      | Reached * piety under Okawaru
  9714 | D:8      | Reached skill level 5 in Dodging
  9714 | D:8      | Reached skill level 11 in Unarmed Combat
 10441 | D:9      | Reached ** piety under Okawaru
 10441 | D:9      | Reached XP level 10. HP: 47/58 MP: 8/13
 10516 | D:9      | Reached skill level 5 in Transmutations
 10837 | D:9      | Reached skill level 1 in Stealth
 11371 | D:9      | Learned a level 4 spell: Ice Form
 11747 | D:9      | Upgraded the game from 0.18-a0-1343-g48c8f86 to 0.18-a0-1347-gb9e2fb4
 11772 | D:9      | Reached skill level 5 in Stealth
 12484 | D:10     | Entered Level 10 of the Dungeon
 12495 | D:10     | Reached *** piety under Okawaru
 12495 | D:10     | Reached skill level 12 in Unarmed Combat
 12517 | D:10     | Reached skill level 1 in Ice Magic
 12964 | D:10     | Reached XP level 11. HP: 36/63 MP: 9/14
 12993 | D:9      | Reached skill level 1 in Invocations
 13376 | D:10     | Found a staircase to the Lair.
 13398 | D:10     | Reached **** piety under Okawaru
 13855 | D:9      | Noticed a griffon
 13878 | D:9      | Killed a griffon
 14072 | D:9      | Noticed a salamander stormcaller
 14076 | D:9      | Noticed a great orb of eyes
 14076 | D:9      | Noticed a flayed ghost
 14076 | D:9      | Noticed a six-headed hydra
 14139 | D:10     | Reached skill level 5 in Invocations
 14642 | D:10     | Identified a scroll of acquirement
 15132 | D:10     | Found a staircase to the Orcish Mines.
 15280 | D:9      | Reached ***** piety under Okawaru
 15595 | D:9      | Killed a flayed ghost
 15624 | D:9      | HP: 1/70 [salamander stormcaller/spear (9)]
 15624 | D:9      | Demolished by a salamander stormcaller

Vault maps used:
D:1:      co_arrival_random_square_maze, minmay_newt_pond
D:2:      nicolae_ru_the_path_less_chosen
D:3:      lemuel_round_altar, uniq_purgy
D:4:      bloody_trog, first_bread, uniq_menkaure
D:5:      grunt_temple_overflow_holy_war, grunt_pakellas_basics,
          hangedman_abyss_or_decor_stagger, grunt_gozag_statues
D:6:      serial_shops, shop, minmay_hedge_maze, elyvilon_altar_4
D:7:      lemuel_crystal_altar, lemuel_temple_firewalk_marked
D:8:      uniq_joseph
D:9:      minmay_klotski, david_nohive_1
D:10:     minmay_lair_entry_grove, orc_0_dummy
Temple:   circular_temple_12

Action                   |  1- 3 |  4- 6 |  7- 9 | 10-12 || total
-------------------------+-------+-------+-------+-------++-------
Melee: Unarmed           |    97 |    57 |   317 |   434 ||   905
Throw: Stone             |    38 |    25 |    67 |    35 ||   165
 Cast: Beastly Appendage |     5 |     5 |     6 |     3 ||    19
       Sticks to Snakes  |     4 |     6 |     3 |    15 ||    28
       Spider Form       |     1 |     5 |    30 |    27 ||    63
       Ice Form          |       |       |       |     8 ||     8
Invok: Heroism           |       |       |     1 |    14 ||    15
Evoke: Wand              |       |     5 |     9 |     1 ||    15
  Use: Scroll            |       |     7 |    11 |     5 ||    23
       Potion            |       |       |       |     3 ||     3
 Stab: Sleeping          |     6 |       |     5 |     2 ||    13
       Paralysed         |       |    11 |     3 |       ||    14
       Distracted        |       |       |     1 |       ||     1
  Eat: Chunk             |     5 |     1 |    17 |    12 ||    35
       Bread ration      |       |     1 |     2 |       ||     3
       Pizza             |       |     1 |       |     1 ||     2
       Beef jerky        |       |       |     1 |       ||     1
       Royal jelly       |       |       |       |     3 ||     3
       Meat ration       |       |       |       |     1 ||     1
